 Dungeon Crawl Stone Soup version 0.26-a0-682-g294304f6e8 (webtiles) character file.

Game seed: 15956263497760934691

32 Decritt the Digger (level 3, 13/19 HPs)
             Began as a Gargoyle Earth Elementalist on Oct 21, 2020.
             Quit the game on level 2 of the Dungeon.
             The game lasted 00:03:20 (1084 turns).

Decritt the Digger (Gargoyle Earth Elementalist)    Turns: 1084, Time: 00:03:20

Health: 13/19      AC:  5    Str: 11    XL:     3   Next: 25%
Magic:  6/6        EV: 12    Int: 16    God:
Gold:   65         SH:  0    Dex: 10    Spells: 5/6 levels left

rFire    . . .     SeeInvis .   d - +1 dagger (venom)
rCold    . . .     Faith    .   (no shield)
rNeg     + . .     Spirit   .   c - +0 robe
rPois    ∞         Reflect  .   (no helmet)
rElec    +         Harm     .   (no cloak)
rCorr    .         Rampage  .   (no gloves)
MR       .....                  (no boots)
Stlth    ++........             (no amulet)
HPRegen  0.06/turn              (no ring)
MPRegen  0.10/turn              (no ring)

@: no status effects
A: negative energy resistance 1, electricity resistance, unbreathing,
petrification resistance, rot immunity, AC +3
a: no special abilities


You were on level 2 of the Dungeon.
You visited 1 branch of the dungeon, and saw 2 of its levels.

You collected 65 gold pieces.

Inventory:

Hand Weapons
 a - a +0 club
 d - a +1 dagger of venom (weapon)
Armour
 c - a +0 robe (worn)
Scrolls
 f - a scroll of amnesia {unknown}
 h - a scroll of immolation {unknown}
Potions
 e - a potion of might {unknown}
 g - a potion of ambrosia {unknown}
 i - a potion of mutation {unknown}
 j - 2 potions of heal wounds {unknown}


   Skills:
 - Level 1.5 Dodging
 - Level 2.1 Stealth
 + Level 2.4 Spellcasting
   Level 0.7 Transmutations
 * Level 4.7 Earth Magic


You had 5 spell levels left.
You knew the following spells:

 Your Spells              Type           Power        Failure   Level
a - Sandblast             Erth           ###...       2%          1

Your spell library contained the following spells:

 Spells                   Type           Power        Failure   Level
 Passwall                 Tmut/Erth      ##......     10%         2
 Stone Arrow              Conj/Erth      #.....       22%         3
 Petrify                  Tmut/Erth      ##......     54%         4
 Lee's Rapid Deconstruct  Erth           ###.......   61%         5


Dungeon Overview and Level Annotations

Branches:
Dungeon (2/15)

Altars:


Innate Abilities, Weirdness & Mutations

You are resistant to torment.
Your stone body is resilient. (AC +3)
You are immune to poison.
You resist negative energy. (rN+)
You are resistant to electric shocks. (rElec)
You can survive without breathing.
You are immune to petrification.
You are immune to rotting.


Message History

You closely miss the goblin.
The goblin is moderately wounded.
The goblin hits you with a +4 dagger.
You hit the goblin.
The goblin is poisoned.
The goblin is moderately wounded.
The goblin hits you with a +4 dagger.
You hit the goblin.
You kill the goblin!
You barely miss the goblin. The goblin hits you but does no damage.
You hit the goblin.
The goblin is poisoned.
The goblin is almost dead.
The goblin barely misses you.
You closely miss the goblin.
The goblin is almost dead.
The goblin hits you.
You closely miss the goblin.
The goblin is almost dead.
You kill the goblin!
You closely miss the rat. The rat bites you but does no damage.
Are you sure you want to abandon this character and quit the game? (Confirm with "yes".)

###### #..#..
#..#.#######
#..#.#.....# #####
#..#.#.###.#
......######..#.#.#
#.#
......r@..>#..#.#.#
#.#
.....(####.#..#.#.#
#.# ....(
..#.#<.....# #.#
....
#.#.#..#.#####.#
...
#.#.#..#.#.....# ..
#.#.#..#.#.##### .
#.#.#..#.#....#
#.#.#..#.####.#
#.#.####.# #.#


You could see a rat.

Vanquished Creatures
  2 dart slugs (D:1)
  A leopard gecko (D:1)
  A giant cockroach (D:1)
  7 hobgoblins (D:1)
  3 jackals (D:1)
  A frilled lizard (D:1)
  4 goblins
  2 kobolds (D:1)
  3 rats (D:1)
24 creatures vanquished.

Vanquished Creatures (others)
  A plant (D:1)
1 creature vanquished.

Grand Total: 25 creatures vanquished

Notes
Turn   | Place    | Note
-------+----------+-------------------------------------------
     0 | D:1      | Decritt the Gargoyle Earth Elementalist began the quest for
                  | the Orb.
     0 | D:1      | Reached XP level 1. HP: 10/10 MP: 3/3
    30 | D:1      | Reached skill level 4 in Earth Magic
    70 | D:1      | Reached XP level 2. HP: 9/15 MP: 1/5
   476 | D:1      | Reached XP level 3. HP: 19/19 MP: 3/6
  1084 | D:2      | Quit the game

Illustrated notes

Levels and vault maps discovered:
D:1:      tarquinn_simple_flora_water_d, layout_basic
D:2:      layout_basic, old_standard_altar, nicolae_tso_swordbearing_angel

Skill      XL: |  1 |
---------------+----+-----
Earth Magic    | 4 |  4.7
Dodging        | |  1.5
Stealth        | |  2.1
Spellcasting   | |  2.4
Transmutations | |  0.7

Action                   || total
-------------------------++-------
Melee: Unarmed           ||     8
       Club              ||     6
       Dagger            ||    14
Throw: Stone             ||    11
 Cast: Sandblast         ||    27
Armor: Robe              ||     8
Dodge: Dodged            ||    16

Table legend: (Time is in decaauts)
 A = Elapsed time spent in this place.
 B = Non-inter-level travel time spent in this place.
 C = Inter-level travel time spent in this place.
 D = Time resting spent in this place.
 E = Time spent auto-exploring this place.
 F = Levels seen in this place.
 G = Mean time per level.
                   A        B        C        D        E       F      G
               +--------+--------+--------+--------+--------+-----+--------+
         Total |   1085 |   1075 |     10 |      0 |    920 |   2 |  542.5 |
       Dungeon |   1085 |   1075 |     10 |      0 |    920 |   2 |  542.5 |
               +--------+--------+--------+--------+--------+-----+--------+

Top non-repeatable levels by time:
     D:1: 1021 daAuts
     D:2: 64 daAuts
